 Dungeon Crawl Stone Soup version 0.29-a0-824-gd827844252 (webtiles) character file.

Game seed: 17703962527286109569

12 Decritt the Stinger (level 2, 19/20 HPs)
             Began as a Demigod Wanderer on Jan 5, 2022.
             Quit the game on level 1 of the Dungeon on July 10, 2022.
             The game lasted 00:03:28 (823 turns).

Decritt the Stinger (Demigod Wanderer)               Turns: 823, Time: 00:03:29

Health: 19/20      AC:  2    Str: 12    XL:     2   Next: 9%
Magic:  7/7        EV: 10    Int: 12    God:
Gold:   19         SH:  4    Dex: 16    Spells: 3/4 levels left

rFire   . . .      SeeInvis .   a - +0 dagger
rCold   . . .      Faith    .   b - +0 buckler
rNeg    . . .      Spirit   .   c - +0 robe
rPois   .          Reflect  .   (no helmet)
rElec   .          Harm     .   (no cloak)
rCorr   .          Rampage  .   (no gloves)
Will    .....                   (no boots)
Stlth   +.........              (no amulet)
HPRegen 0.06/turn               (no ring)
MPRegen 0.10/turn               (no ring)

@: no status effects
A: high MP 1, forlorn, divine attributes
a: no special abilities


You were on level 1 of the Dungeon.
You visited 1 branch of the dungeon, and saw 1 of its levels.

You collected 19 gold pieces.

Inventory:

Hand Weapons
 a - a +0 dagger (weapon)
Armour
 b - a +0 buckler (worn)
 c - a +0 robe (worn)
Potions
 d - a potion of curing
 e - a potion of attraction {unknown}


   Skills:
 + Level 2.1 Shields
 - Level 1.7 Unarmed Combat
 - Level 1.7 Spellcasting
 - Level 4.5 Poison Magic


You had 3 spell levels left.
You knew the following spells:

 Your Spells              Type           Power      Damage    Failure   Level
a - Sting                 Tmut/Pois      24%        1d4       14%         1

Your spell library contained the following spells:

 Spells                   Type           Power      Damage    Failure   Level
 Spider Form              Tmut/Pois      6%         N/A       41%         3
 Ignite Poison            Fire/Tmut/Pois 4%         N/A       52%         3


Dungeon Overview and Level Annotations

Branches:
Dungeon (1/15)


Innate Abilities, Weirdness & Mutations

You have an increased reservoir of magic. (+10% MP)
You shall have no god before yourself.
Your divine heritage dramatically boosts your attributes as you level up.


Message History

The kobold is poisoned.
The ball python hisses angrily.
You miss the kobold.
The kobold is severely wounded.
You kill the kobold!
You have reached level 2!
The sting hits the ball python.
The ball python is poisoned.
You kill the ball python!
No target in view!
No target in view!
You start resting.
Magic restored.
Found an escape hatch in the floor.
Save game and exit?
Okay, then.
Save game and exit?
Welcome back, Decritt the Demigod Wanderer.
Press ? for a list of commands and other information.
Welcome back, Decritt the Demigod Wanderer.
Press ? for a list of commands and other information.
Save game and exit?
Okay, then.
Okay, then.
Found a smoky purple potion.
A giant cockroach comes into view.
A giant cockroach is nearby!
Okay, then.
You hit the giant cockroach.
The giant cockroach is severely wounded.
The giant cockroach bites you.
You hit the giant cockroach.
The giant cockroach is almost dead.
The giant cockroach barely misses you. The giant cockroach closely misses you.
You hit the giant cockroach but do no damage.
The giant cockroach is almost dead.
The giant cockroach bites you but does no damage.
You hit the giant cockroach.
You kill the giant cockroach!
Unknown command.
Are you sure you want to abandon this character and quit the game? (Confirm with "yes".)

.. #.................. ....
#..........# ##....
#....###..........# #....
..................####...#
##...............##........
...!........)...##........
#..............''........
#..............##........
#.......@......#.........
#..............#.......[.
#.......(......#.........
#..........#.###.........
#..........#.# #.........
#....>.....#.# #.........
#.......#.##.# #....≈≈≈..
.........#.# #....≈?≈..
..........#.. #.#..≈≈≈..


There were no monsters in sight!

Vanquished Creatures
  3 ball pythons (D:1)
  3 endoplasms (D:1)
  A giant cockroach (D:1)
  A goblin (D:1)
  A hobgoblin (D:1)
  A kobold (D:1)
10 creatures vanquished.

Notes
Turn   | Place    | Note
-------+----------+-------------------------------------------
     0 | D:1      | Decritt the Demigod Wanderer began the quest for the Orb.
     0 | D:1      | Decritt set off with the following items: a +0 dagger, a +0
                  | buckler, a +0 robe, a potion of curing; and the following
                  | spell memorised: Sting; and the following spells available
                  | to memorise: Spider Form, Ignite Poison
     0 | D:1      | Reached XP level 1. HP: 14/14 MP: 5/5
     4 | D:1      | Upgraded the game from 0.28-a0-1396-gdcb3f3653b to
                  | 0.29-a0-453-gf113fcf677
   779 | D:1      | Reached XP level 2. HP: 20/20 MP: 5/7
   810 | D:1      | Upgraded the game from 0.29-a0-453-gf113fcf677 to
                  | 0.29-a0-824-gd827844252
   823 | D:1      | Quit the game

Illustrated notes

Levels and vault maps discovered:
D:1:      mrwooster_arrival_arrow, layout_basic,
          dilly_ecumenical_altar_fadedgnrine, serial_shops, shop,
          corexii_item_surrounded_by_moat

Skill      XL: |  1 |
---------------+----+-----
Shields        | 2 |  2.1
Unarmed Combat | |  1.7
Spellcasting   | |  1.7
Poison Magic   | |  4.5

Action                   || total
-------------------------++-------
Melee: Dagger            ||    30
 Cast: Sting             ||     6
Armor: Robe              ||     4
Dodge: Dodged            ||    10
Block: Buckler           ||     3

Table legend: (Time is in decaauts)
 A = Elapsed time spent in this place.
 B = Non-inter-level travel time spent in this place.
 C = Inter-level travel time spent in this place.
 D = Time resting spent in this place.
 E = Time spent auto-exploring this place.
 F = Levels seen in this place.
 G = Mean time per level.
                   A        B        C        D        E       F      G
               +--------+--------+--------+--------+--------+-----+--------+
         Total |    824 |    824 |      0 |    510 |    187 |   1 |  824.0 |
       Dungeon |    824 |    824 |      0 |    510 |    187 |   1 |  824.0 |
               +--------+--------+--------+--------+--------+-----+--------+

Top non-repeatable levels by time:
     D:1: 824 daAuts
